 Dungeon Crawl Stone Soup version 0.17-a0-2147-gfb20a63 (webtiles) character file.

16548 septik the Severer (level 12, 0/81 HPs)
             Began as a Demonspawn Berserker on Oct 24, 2015.
             Was a High Priest of Trog.
             Slain by a blue devil (10 damage)
             ... in an ice cave on Oct 25, 2015.
             The game lasted 00:46:02 (12392 turns).

septik the Severer (Demonspawn Berserker)          Turns: 12392, Time: 00:46:02

Health: 0/81       AC: 15    Str: 16    XL:     12   Next: 11%
Magic:  0/12       EV:  5    Int:  9    God:    Trog [*****.]
Gold:   458        SH:  0    Dex: 14    Spells: 0 memorised, 11 levels left

rFire  . . .     SeeInvis .     B - +1 flail "Fiup" {flame, +Inv rC+++ rN++ Str-5}
rCold  + + +     Clarity  .     C - +0 plate armour
rNeg   + + .     SustAt   .     (no shield)
rPois  .         Gourm    .     (helmet unavailable)
rElec  .         Spirit   +     (no cloak)
rCorr  .         Warding  .     o - +1 pair of gloves
rMut   .         Stasis   .     p - +2 pair of boots
MR     .....                    (no amulet)
Stlth  ..........               (no ring)
                                (no ring)

@: exhausted, slowed, very slow, not resistant to hostile enchantments,
extremely unstealthy
A: horns 3, spiny 1, magic shield, magic regeneration
a: Berserk, Trog's Hand, Brothers in Arms, Burn Spellbooks, Renounce Religion,
Evoke Invisibility


You were in an ice cave.
You worshipped Trog.
Trog was extremely pleased with you.
You were near starving.

You visited 2 branches of the dungeon, and saw 12 of its levels.
You also visited: Ice Cave.

You collected 458 gold pieces.

Inventory:

Hand Weapons
 t - a +3 broad axe of electrocution
 B - the +1 flail "Fiup" (weapon) {flame, +Inv rC+++ rN++ Str-5}
   (You found it on level 5 of the Dungeon)

   It has been specially enchanted to burn those struck by it, causing extra
   injury to most foes and up to half again as much damage against particularly
   susceptible opponents.
   It affects your strength (-5).
   It renders you almost immune to cold.
   It greatly protects you from negative energy.
   It lets you turn invisible.
 I - a +7 hand axe of distortion
 K - the +5 battleaxe "Demonslayer" {freeze, Str+2 Stlth+}
   (Trog gifted it to you on level 9 of the Dungeon)

   It has been specially enchanted to freeze those struck by it, causing extra
   injury to most foes and up to half again as much damage against particularly
   susceptible opponents.
   It can also slow down cold-blooded creatures.
   It affects your strength (+2).
   It makes you more stealthy.
Missiles
 d - 10 javelins (quivered)
Armour
 o - a +1 pair of gloves (worn)
 p - a +2 pair of boots (worn)
 C - a +0 plate armour (worn)
 S - a +0 shield
Jewellery
 a - a +4 ring of intelligence {unknown}
 m - an uncursed ring of magical power
 q - a +3 ring of evasion
 w - an uncursed ring of protection from cold
 y - an uncursed ring of stealth
 N - an uncursed ring of ice
 R - the ring "Ragrafeo" {rN+ MR+ Dex+6}
   (You found it on level 9 of the Dungeon)

   [ring of protection from magic]

   It affects your dexterity (+6).
   It protects you from negative energy.
   It affects your resistance to hostile enchantments.
 T - an uncursed ring of protection from cold
Wands
 l - a wand of frost (19)
 D - a wand of digging (13)
 H - a wand of frost (20)
 Q - a wand of flame (25)
Scrolls
 f - 10 scrolls of identify
 g - 3 scrolls of teleportation
 h - 2 scrolls of recharging {unknown}
 k - 3 scrolls of fog
 r - 2 scrolls of enchant weapon
 O - a scroll of blinking
 X - 2 scrolls of random uselessness {unknown}
 Z - a scroll of remove curse
Potions
 e - 8 potions of curing
 i - a potion of brilliance
 j - a potion of might {unknown}
 v - 3 potions of magic
 A - a potion of lignification {unknown}
 E - a potion of poison {unknown}
 F - 4 potions of heal wounds
 G - a potion of haste {unknown}
 J - 2 potions of mutation {unknown}
 P - a potion of invisibility {unknown}
 U - a potion of flight {unknown}
Comestibles
 c - 8 bread rations
 n - 3 beef jerkies
 s - 3 meat rations
 x - 3 slices of pizza
 L - 11 fruits


   Skills:
 - Level 3.0 Fighting
 + Level 17.2 Axes
 - Level 1.7 Armour
 - Level 1.7 Dodging


You had 11 spell levels left.
You didn't know any spells.

Dungeon Overview and Level Annotations

Branches:
Dungeon (9/15)             Temple (0/1) D:7            Lair (3/8) D:9
  Swamp: Lair:3-6    Shoals: Lair:3-6     Snake: Lair:3-6    Spider: Lair:3-6
    Orc: D:9-12

Altars:
Elyvilon
Fedhas
Kikubaaqudgha
Nemelex Xobeh
Qazlal

Annotations:
Lair:1 exclusion: oklob plant


Innate Abilities, Weirdness & Mutations

You have a pair of large horns on your head.
You are partially covered in sharp spines.
When hurt, damage is shared between your health and your magic reserves.
You regenerate magic rapidly.


Message History

You kill the white imp!
Trog accepts your kill.
The blue devil is struck by your spines.
The blue devil hits you but does no damage.
You thump the blue devil! You burn the blue devil.
The blue devil is heavily wounded.
The blue devil hits you!
* * * LOW HITPOINT WARNING * * *
You are too berserk!
A blue devil comes into view.
The blue devil barely misses you.
You feel a strong urge to attack something.
You are no longer berserk.
You are exhausted.
You feel yourself slow down.
You are near starving!
The blue devil swoops through the air toward you!
The blue devil hits you but does no damage.
The blue devil hits you!
You die...

#...## ##...# ..
#..## # .##
#...#### #. 4.#
##..#..## # ##. ..#
#..#...##
§#§#..##.##
#....§§§#
§.....4#..#
#...##§§##
.......@4.#
#..###§§§#
###...#44.#
##.#.##§§# .....
#...# ##....#§§#
....
#4..###....##..#
.#.
###....##....#..##
# #...§..##)..##..#
#§§§§.#..##).#..##
....§§§###..####..#
...§§§.# #...###.##


You could see 5 blue devils.

Vanquished Creatures
  Gastronok (Lair:1)
  A hydra (Lair:1)
  2 ice statues (IceCv)
  Pikel (D:6)
  A spiny frog (Lair:2)
  Psyche (D:9)
  A black mamba (Lair:2)
  2 komodo dragons (Lair:1)
  A fire drake (D:9)
  A polar bear (Lair:2)
  A blue devil (IceCv)
  Grinder (D:5)
  A slime creature (D:7)
  Prince Ribbit (D:6)
  A troll (D:9)
  3 blink frogs (Lair:1)
  Eustachio (D:5)
  A wyvern (D:8)
  10 yaks
  A basilisk (Lair:1)
  Menkaure (D:7)
  4 hippogriffs
  Edmund (D:5)
  3 water moccasins (Lair:2)
  5 porcupines
  Duvessa (D:7)
  9 wolves
  2 phantoms
  4 ogres
  A sky beast (D:6)
  A black bear (D:9)
  2 orc warriors (D:8)
  5 centaurs
  An ice beast (D:6)
  5 crocodiles
  5 giant frogs
  3 scorpions
  Dowan (D:7)
  5 killer bees (D:8)
  3 crimson imps
  A quasit (D:9)
  3 hounds
  A centaur zombie (D:8)
  6 jellies (D:7)
  2 giant frog skeletons
  5 iguanas
  6 orc wizards
  5 orc priests
  5 worker ants
  12 gnolls
  12 adders
  4 river rats (D:2)
  17 white imps
  A shadow imp (D:7)
  7 ufetubi (IceCv)
  14 oozes
  4 worms
  5 giant geckos
  36 orcs
  A ball python (D:1)
  6 giant cockroaches
  7 hobgoblins
  19 jackals
  18 kobolds
  A quokka (D:4)
  16 bats
  A giant gecko skeleton (D:5)
  A giant gecko zombie (D:7)
  7 giant newts
  4 goblins
  A quokka skeleton (D:5)
  12 rats
335 creatures vanquished.

Vanquished Creatures (collateral kills)
  A hydra (Lair:3)
  2 blue devils (IceCv)
  2 white imps (Lair:3)
5 creatures vanquished.

Vanquished Creatures (others)
  The ghost of kae the Severer, a journeyman HOFi of Qazlal (IceCv)
  A big kobold (D:8)
  A gnoll sergeant (D:9)
  A scorpion (D:6)
  A water moccasin skeleton (D:8)
  A hound (D:8)
  A hound zombie (D:9)
  3 white imps (IceCv)
  4 fungi (D:7)
  A plant (D:2)
15 creatures vanquished.

Grand Total: 355 creatures vanquished

Notes
Turn   | Place    | Note
--------------------------------------------------------------
     0 | D:1      | septik the Demonspawn Berserker began the quest for the Orb.
     0 | D:1      | Reached XP level 1. HP: 18/18 MP: 1/1
   215 | D:1      | Gained mutation: When hurt, damage is shared between your health and your magic reserves. [demonic ancestry]
   215 | D:1      | Reached XP level 2. HP: 24/24 MP: 2/2
   448 | D:1      | Reached ** piety under Trog
   650 | D:1      | Gained mutation: You have a pair of small horns on your head. [demonic ancestry]
   650 | D:1      | Reached XP level 3. HP: 29/29 MP: 3/3
   820 | D:2      | Noticed an ogre
   822 | D:2      | Reached skill level 4 in Axes
   823 | D:2      | Found a sparkling altar of Nemelex Xobeh.
   826 | D:2      | Killed an ogre
   826 | D:2      | Reached skill level 5 in Axes
   826 | D:2      | Gained mutation: You are partially covered in sharp spines. [demonic ancestry]
   826 | D:2      | Reached XP level 4. HP: 31/35 MP: 2/4
   831 | D:2      | Gained mutation: You have a pair of horns on your head. [demonic ancestry]
   831 | D:2      | Reached XP level 5. HP: 19/41 MP: 3/5
  1365 | D:2      | Reached *** piety under Trog
  1413 | D:2      | Reached skill level 6 in Axes
  2311 | D:3      | Reached XP level 6. HP: 47/47 MP: 6/6
  2379 | D:3      | Found a white marble altar of Elyvilon.
  2430 | D:3      | Found an ancient bone altar of Kikubaaqudgha.
  2827 | D:3      | Reached **** piety under Trog
  3467 | D:4      | Reached skill level 7 in Axes
  3545 | D:4      | Reached XP level 7. HP: 44/52 MP: 7/7
  3902 | D:4      | Reached skill level 8 in Axes
  4084 | D:5      | Entered Level 5 of the Dungeon
  4084 | D:5      | Noticed Edmund
  4105 | D:5      | Killed Edmund
  4145 | D:5      | Got an ebony flail
  4146 | D:5      | Identified the cursed +1 flail "Fiup" {flame, +Inv rC+++ rN++ Str-5} (You found it on level 5 of the Dungeon)
  4187 | D:5      | Reached ***** piety under Trog
  4189 | D:5      | Reached XP level 8. HP: 45/58 MP: 8/8
  4251 | D:5      | Reached skill level 9 in Axes
  4256 | D:5      | Noticed Eustachio
  4277 | D:5      | Killed Eustachio
  4518 | D:5      | Found a sparkling altar of Nemelex Xobeh.
  4533 | D:5      | Noticed Grinder
  4545 | D:5      | Killed Grinder
  4728 | D:5      | Reached skill level 10 in Axes
  5159 | D:6      | Found a blossoming altar of Fedhas.
  5262 | D:6      | Found a stormy altar of Qazlal.
  5288 | D:6      | Noticed Prince Ribbit
  5289 | D:6      | Noticed Pikel
  5293 | D:6      | Killed Prince Ribbit
  5300 | D:6      | Killed Pikel
  5300 | D:6      | Reached skill level 11 in Axes
  5300 | D:6      | Gained mutation: You have a pair of large horns on your head. [demonic ancestry]
  5300 | D:6      | Reached XP level 9. HP: 63/63 MP: 5/9
  5791 | D:7      | Reached skill level 12 in Axes
  6044 | D:7      | Noticed Menkaure
  6053 | D:7      | Killed Menkaure
  6295 | D:7      | Noticed Duvessa
  6295 | D:7      | Noticed Dowan
  6301 | D:7      | Killed Dowan
  6309 | D:7      | Killed Duvessa
  6459 | D:7      | Found a staircase to the Ecumenical Temple.
  6497 | D:7      | Received a gift from Trog
  6793 | D:8      | Reached skill level 13 in Axes
  6838 | D:8      | Gained mutation: You regenerate magic rapidly. [demonic ancestry]
  6838 | D:8      | Reached XP level 10. HP: 62/70 MP: 8/10
  7934 | D:9      | Found a staircase to the Lair.
  8133 | D:9      | Noticed Psyche
  8141 | D:9      | Killed Psyche
  8156 | D:9      | Got a steaming steel ring
  8157 | D:9      | Identified the ring "Ragrafeo" {rN+ MR+ Dex+6} (You found it on level 9 of the Dungeon)
  8463 | D:9      | Reached skill level 14 in Axes
  8677 | D:9      | Received a gift from Trog
  8680 | D:9      | Got a fine battleaxe {god gift}
  8681 | D:9      | Identified the +5 battleaxe "Demonslayer" {freeze, Str+2 Stlth+} (Trog gifted it to you on level 9 of the Dungeon)
  9364 | Lair:1   | Entered Level 1 of the Lair of Beasts
  9364 | Lair:1   | Noticed an eight-headed hydra
  9375 | Lair:1   | Reached skill level 15 in Axes
  9375 | Lair:1   | Reached XP level 11. HP: 27/75 MP: 3/11
  9376 | Lair:1   | Killed a 12-headed hydra
  9843 | Lair:1   | Noticed Gastronok
  9854 | Lair:1   | Killed Gastronok
 10015 | Lair:1   | Found a blossoming altar of Fedhas.
 10036 | Lair:1   | Noticed an oklob plant
 10105 | Lair:1   | Reached skill level 16 in Axes
 11245 | Lair:2   | Received a gift from Trog
 11619 | Lair:3   | Noticed a five-headed hydra
 11623 | Lair:3   | Killed a six-headed hydra
 11637 | Lair:3   | Found a frozen archway.
 11671 | IceCv    | Entered an ice cave
 11709 | IceCv    | Noticed an ice statue
 11709 | IceCv    | Noticed an ice statue
 11732 | IceCv    | Killed an ice statue
 11732 | IceCv    | Reached skill level 17 in Axes
 11732 | IceCv    | Reached XP level 12. HP: 39/81 MP: 9/12
 11741 | IceCv    | Killed kae's ghost
 11974 | IceCv    | Killed an ice statue
 12392 | IceCv    | Slain by a blue devil

Vault maps used:
D:1:      lemuel_arrival_funnel, minivault_23, minmay_cupped
D:2:      wad_woods_stonehenge, kennysheep_minor_cross,
          kennysheep_generic_room_12
D:3:      lemuel_crystal_altar, lemuel_doored_altar, first_bread,
          serial_bayou_pond_c
D:5:      nicolae_overflow_crystal_walls, uniq_edmund, uniq_grinder,
          uniq_eustachio
D:6:      old_standard_altar, lemuel_crystal_altar, minmay_stone_trees_medium,
          uniq_pikel, uniq_prince_ribbit1
D:7:      lemuel_slime, minmay_temple_entry_glassed_door, nrook_uturn,
          uniq_menkaure, uniq_duvessa
D:9:      minmay_lair_entry_lava, uniq_psyche
Lair:1:   tgw_fedhas, uniq_gastronok
Lair:3:   portal_ice_cave_entry_imps
IceCv:    ice_cave_small_demon

Action                   |  1- 3 |  4- 6 |  7- 9 | 10-12 || total
-------------------------+-------+-------+-------+-------++-------
Melee: Hand axe          |    80 |    75 |    22 |   101 ||   278
       Whip              |       |    79 |    69 |       ||   148
       Flail             |       |       |   162 |    98 ||   260
       Battleaxe         |       |       |       |   119 ||   119
       Broad axe         |       |       |       |    10 ||    10
Throw: Javelin           |     9 |     1 |       |       ||    10
       Stone             |       |     9 |       |       ||     9
Invok: Berserk           |     2 |     2 |     3 |     6 ||    13
       Burn Spellbooks   |       |       |     1 |     2 ||     3
       Brothers in Arms  |       |       |       |     2 ||     2
  Use: Scroll            |       |     3 |     6 |     6 ||    15
  Eat: Chunk             |     1 |    12 |     9 |    18 ||    40
       Bread ration      |       |     1 |     1 |     1 ||     3
